 Dungeon Crawl Stone Soup version 0.23-a0-386-g9c9d49f (webtiles) character file.

4 Amnesiac the Shooter (level 1, 0/17 HPs)
             Began as a Centaur Hunter on Oct 28, 2018.
             Slain by a quokka (2 damage)
             ... on level 2 of the Dungeon.
             The game lasted 00:00:47 (182 turns).

Amnesiac the Shooter (Centaur Hunter)                Turns: 182, Time: 00:00:48

Health: 0/17       AC:  4    Str: 14    XL:     1   Next: 58%
Magic:  1/1        EV:  9    Int: 10    God:
Gold:   17         SH:  0    Dex:  9    Spells: 0/0 levels left

rFire    . . .     SeeInvis .   b - +2 dagger (elec)
rCold    . . .     Gourm    .   (no shield)
rNeg     . . .     Faith    .   c - +0 leather armour
rPois    .         Spirit   .   (no helmet)
rElec    .         Reflect  .   (no cloak)
rCorr    .         Harm     .   (no gloves)
MR       .....                  (no barding)
Stlth    +.........             (no amulet)
HPRegen  0.05/turn              e - ring of flight
MPRegen  0.07/turn              (no ring)

@: very quick
A: large, hooves 3, deformed body, speed 2, tough skin 3
a: Evoke Flight


You were on level 2 of the Dungeon.
You were not hungry.

You visited 1 branch of the dungeon, and saw 2 of its levels.

You collected 17 gold pieces.

Inventory:

Hand Weapons
 a - a +1 shortbow
 b - a +2 dagger of electrocution (weapon)
Missiles
 d - 19 arrows
Armour
 c - a +0 leather armour (worn)
Jewellery
 e - a ring of flight (left hand)
Comestibles
 f - a ration


   Skills:
 - Level 2.0 Fighting
 * Level 5.7 Bows
 - Level 1.3 Dodging
 - Level 0.4 Stealth


You couldn't memorise any spells.
You didn't know any spells.
Your spell library was empty.

Dungeon Overview and Level Annotations

Branches:
Dungeon (2/15)

Altars:


Innate Abilities, Weirdness & Mutations

You have hooves in place of feet.
Armour fits poorly on your strangely shaped body.
You cover ground very quickly.
You have extremely tough skin. (AC +3)


Message History

A kobold comes into view.
A kobold is nearby!
A kobold is nearby!
The kobold barely misses you.
You barely miss the kobold. The kobold hits you.
You miss the kobold. The kobold hits you.
You miss the kobold. The kobold hits you but does no damage.
You completely miss the kobold. The kobold hits you but does no damage.
You hit the kobold.
The kobold is heavily wounded.
The kobold completely misses you.
You hit the kobold. Lightning courses through the kobold!
You kill the kobold!
A giant cockroach comes into view.
A dart slug comes into view.
Found a hunting sling.
The dart slug launches a dart at you. The slug dart hits you!
There is an escape hatch in the floor here.
You slide downwards.
The hatch slams shut behind you.
Found a stone staircase leading up.
There is a stone staircase leading up here.
You climb upwards.
The goblin shouts! x2 2 bats and a goblin come into view.
The bat hits you but does no damage. The bat hits you.
The bat hits you but does no damage.
Found a green potion and a scroll labeled COSCHALLOW.
There is a stone staircase leading down here.
The bat hits you.
* * * LOW HITPOINT WARNING * * *
The bat hits you but does no damage. The goblin hits you with a club.
* * * LOW HITPOINT WARNING * * *
The bat hits you but does no damage.
You climb downwards.
There is a stone staircase leading up here.
You closely miss the goblin. The bat hits you but does no damage.
The goblin hits you with a club.
* * * LOW HITPOINT WARNING * * *
You are too injured to fight recklessly!
You are too injured to fight recklessly!
You are too injured to fight recklessly!
You are too injured to fight recklessly!
You are too injured to fight recklessly!
You closely miss the goblin. The bat closely misses you.
The goblin completely misses you.
You hit the goblin.
You kill the goblin!
The bat closely misses you. The bat misses you.
You hit the bat.
You kill the bat!
A quokka comes into view.
The quokka moves out of view.
The quokka is too close now for your liking.
A quokka is nearby!
The quokka bites you.
* * * LOW HITPOINT WARNING * * *
You aren't carrying any potions.
Okay, then.
You aren't carrying any scrolls.
You see here a club.
There is a stone staircase leading up here.
You swing at nothing.
The quokka bites you.
You die...

§# §§ #.#
#.. ######
#.###..r@#
#...#...†#
###......#
########


You could see a quokka.

Vanquished Creatures
  2 bats
  A goblin (D:2)
  A kobold (D:1)
4 creatures vanquished.

Notes
Turn   | Place    | Note
-------+----------+-------------------------------------------
     0 | D:1      | Amnesiac the Centaur Hunter began the quest for the Orb.
     0 | D:1      | Reached XP level 1. HP: 17/17 MP: 1/1
   182 | D:2      | Slain by a quokka

Vault maps used:
D:1:      tarquinn_simple_flora_water_a, serial_forest,
          infiniplex_forest_clump_double, infiniplex_forest_end_double,
          infiniplex_forest_lined_3, infiniplex_forest_clump_diagonal,
          infiniplex_forest_3_way
D:2:      grunt_dithmenos_smoke_and_mirrors, first_ration,
          chequers_ecumenical_altar_simple, chequers_hall_statues_wall_a,
          tso_altar

Action                   || total
-------------------------++-------
Melee: Dagger            ||    10
 Fire: Shortbow          ||     7
Armor: Leather armour    ||     7
Dodge: Dodged            ||     6

Table legend:
 A = Non-vault XP
 B = Vault XP
 C = Vault XP percentage of total XP
 D = Non-vault monster count
 E = Vault monster count
 F = Vault count percentage of total count
                 A         B        C        D         E       F
            +---------+---------+-------+---------+---------+-------
      Total |       7 |       0 |   0.0 |       4 |       0 |   0.0
            +---------+---------+-------+---------+---------+-------
        D:1 |       4 |       0 |   0.0 |       2 |       0 |   0.0
        D:2 |       3 |       0 |   0.0 |       2 |       0 |   0.0
            +---------+---------+-------+---------+---------+-------
